 Dungeon Crawl Stone Soup version 0.28.0 (webtiles) character file.

Game seed: 9401307429621499717

254 trashops the Chopper (level 6, -3/53 HPs)
             Began as a Hill Orc Fighter on Feb 16, 2022.
             Slain by a gnoll sergeant (7 damage)
             ... while paralysed by a gnoll
             ... on level 3 of the Dungeon.
             The game lasted 00:05:37 (2408 turns).

trashops the Chopper (Hill Orc Fighter)             Turns: 2408, Time: 00:05:38

Health: -3/53      AC:  3    Str: 21    XL:     6   Next: 14%
Magic:  0/6        EV:  2    Int:  8    God:
Gold:   106        SH:  0    Dex: 10    Spells: 5/5 levels left

rFire   + . .      SeeInvis .   a - +0 war axe
rCold   . . .      Faith    .   c - +0 buckler
rNeg    . . .      Spirit   +   b - +0 scale mail
rPois   +          Reflect  .   (no helmet)
rElec   .          Harm     .   (no cloak)
rCorr   .          Rampage  .   (no gloves)
Will    .....                   (no boots)
Stlth   ..........              j - amulet of Mufokhei {Spirit rPois}
HPRegen 0.17/turn               f - ring of poison resistance
MPRegen 0.10/turn               r - ring of protection from fire

@: paralysed, mighty, lethally poisoned (-3 -> -12), corroded, hasted
A: no striking features
a: no special abilities


You were on level 3 of the Dungeon.
You visited 1 branch of the dungeon, and saw 3 of its levels.

You collected 106 gold pieces.

Inventory:

Hand Weapons
 a - a +0 war axe (weapon)
Armour
 b - a +0 scale mail (worn)
 c - a +0 buckler (worn)
 m - a +0 cloak
Jewellery
 f - a ring of poison resistance (left hand)
 j - the amulet of Mufokhei (around neck) {Spirit rPois}
   (You found it on level 2 of the Dungeon)

   [amulet of guardian spirit]

   It causes incoming damage to be divided between your reserves of health and
   magic.
   rPois:     It protects you from poison.
 r - a ring of protection from fire (right hand)
 s - a ring of flight
 t - an amulet of guardian spirit
Wands
 n - a wand of mindburst (7)
Scrolls
 e - a scroll of enchant armour {unknown}
 i - a scroll of amnesia {unknown}
 k - 2 scrolls of magic mapping {unknown}
 l - 2 scrolls of fog {unknown}
 o - 2 scrolls of teleportation {unknown}
Potions
 p - a potion of resistance


   Skills:
 + Level 4.5 Fighting
 * Level 7.0 Axes
 + Level 4.1 Armour
 + Level 3.5 Shields


You had 5 spell levels left.
You didn't know any spells.
Your spell library contained the following spells:

 Spells                   Type           Power      Damage    Failure   Level
 Animate Skeleton         Necr           0%         N/A       83%         1
 Pain                     Necr           0%         1d4       83%         1


Dungeon Overview and Level Annotations

Branches:
Dungeon (3/15)

Altars:
Trog

Annotations:
D:3 1 transporter


Message History

The gnoll is heavily wounded.
You hit the plant. x2; A nearby plant withers and dies. x2
The gnoll hits you from afar with a +0 spear!
The gnoll sergeant hits the plant with the +3 spear of the Shining Light {venom, rPois rCorr Int+8 Dex-5}!
The plant begins to die.
The gnoll zaps a wand.
The bolt of acid misses you.
You barely miss the gnoll.
The gnoll is heavily wounded.
The gnoll hits you from afar with a +0 spear.
The gnoll hits you.
* * * LOW HITPOINT WARNING * * *
It was a potion of haste.
You feel yourself speed up.
A nearby plant withers and dies.
The gnoll hits you.
* * * LOW HITPOINT WARNING * * *
It was a potion of ambrosia.
You are confused.
You feel invigorated. The gnoll sergeant barely misses you.
The gnoll zaps a wand.
The bolt of acid misses you.
It was a potion of curing.
You feel better.
You feel less invigorated.
The gnoll hits you from afar with a +0 spear.
You block the gnoll's attack.
The gnoll sergeant hits you from afar with the +3 spear of the Shining Light {venom, rPois rCorr Int+8 Dex-5}.
You feel very mighty all of a sudden.
A nearby plant withers and dies.
The gnoll hits you from afar with a +0 spear.
You slash the gnoll!
You kill the gnoll!
The gnoll sergeant hits you from afar with the +3 spear of the Shining Light {venom, rPois rCorr Int+8 Dex-5}!
* * * LOW HITPOINT WARNING * * *
The gnoll hits you from afar with a +0 spear.
* * * LOW HITPOINT WARNING * * *
The gnoll zaps a wand.
You suddenly lose the ability to move!
The now-empty wand crumbles to dust.
Your Axes skill increases to level 7!
The gnoll sergeant hits you but does no damage.
You are lethally poisoned!
The gnoll completely misses you.
* * * LOW HITPOINT WARNING * * *
You feel very sick.
The gnoll sergeant hits you from afar with the +3 spear of the Shining Light {venom, rPois rCorr Int+8 Dex-5}!
You die...

≈≈ ≈≈≈≈≈≈≈≈≈≈≈≈≈. ≈≈
≈≈≈≈≈≈≈≈≈≈≈≈≈≈≈≈≈. ### #
..........#####≈≈.
#...#.###.©.###.#...#≈≈.
...###.#####©###..g#≈≈.
.......... ..###≈≈.
######+## #.#8.≈≈.
.##.#g⌠.#P.8# #.##.≈≈.
.#..'gg@..©⌠# +.g#.≈≈.
.##.#g⌠.#P.8# $#.##.≈≈.
#.######+######.#8.≈≈. ..≈
###?..............###≈≈.
..≈≈ ...###.#####.###...#≈≈.
..≈≈#...#.###.©.###.#...#≈≈.
..≈≈#####...........#####≈≈.
..≈≈≈≈≈≈≈≈≈≈≈...≈≈≈≈≈≈≈≈≈≈≈.
..≈≈≈≈≈≈≈≈≈≈≈...≈≈≈≈≈≈≈≈≈≈≈.


You could see a gnoll sergeant and 3 gnolls.

Vanquished Creatures
  An orc priest (D:3)
  Crazy Yiuf (D:2)
  Jessica (D:3)
  2 orc wizards (D:3)
  2 adders
  A gnoll (D:3)
  A worm (D:2)
  4 dart slugs
  4 orcs (D:3)
  4 ball pythons
  4 bats
  4 endoplasms
  4 giant cockroaches
  8 goblins
  8 hobgoblins
  4 jackals
  8 kobolds
  5 quokkas
  4 frilled lizards
  7 rats
  A bush (D:2)
78 creatures vanquished.

Vanquished Creatures (others)
  4 fungi (D:2)
  5 plants
9 creatures vanquished.

Grand Total: 87 creatures vanquished

Notes
Turn   | Place    | Note
-------+----------+-------------------------------------------
     0 | D:1      | trashops the Hill Orc Fighter began the quest for the Orb.
     0 | D:1      | Reached XP level 1. HP: 19/19 MP: 1/1
   105 | D:1      | Reached skill level 3 in Axes
   105 | D:1      | Reached XP level 2. HP: 27/27 MP: 2/2
   669 | D:1      | Reached XP level 3. HP: 33/33 MP: 3/3
   943 | D:2      | Identified the amulet of Mufokhei {Spirit rPois}
  1115 | D:2      | Reached skill level 4 in Axes
  1361 | D:2      | Reached XP level 4. HP: 36/40 MP: 4/4
  1768 | D:2      | Found a runed translucent door.
  1769 | D:2      | Noticed Crazy Yiuf
  1775 | D:2      | Killed Crazy Yiuf
  1776 | D:2      | Reached skill level 5 in Axes
  1801 | D:3      | Found a bloodstained altar of Trog.
  1900 | D:3      | Reached XP level 5. HP: 43/46 MP: 5/5
  1992 | D:3      | Reached skill level 6 in Axes
  2221 | D:3      | Noticed Jessica
  2224 | D:3      | Killed Jessica
  2225 | D:3      | Reached XP level 6. HP: 48/53 MP: 4/6
  2259 | D:3      | Got Jessica's Compendium of Necromancy
  2328 | D:3      | Found a transporter.
  2361 | D:3      | Found a transporter.
  2395 | D:3      | Identified the +3 spear of the Shining Light {venom, rPois
                  | rCorr Int+8 Dex-5}
  2406 | D:3      | Paralysed by a gnoll for 5 turns
  2407 | D:3      | Reached skill level 7 in Axes
  2408 | D:3      | Slain by a gnoll sergeant

Illustrated notes

Levels and vault maps discovered:
D:1:      psy_arrival_terrarium, layout_loops_ring, minmay_statues_item,
          serial_bayou_pond_d
D:2:      layout_rooms, serial_forest, infiniplex_forest_clump_medium,
          infiniplex_forest_lined_2, infiniplex_forest_straight_4,
          infiniplex_forest_lined_corner, infiniplex_forest_lined_4_way,
          grunt_decor_one_mirror, uniq_crazy_yiuf_cottage
D:3:      layout_rooms, lemuel_crystal_altar, overflow_temple_1_default,
          gammafunk_ghost_gnarly_gnolls, minmay_misc_feat_encased,
          minmay_tree_intersection, kennysheep_jessica_study

Skill      XL: |  1  2  3  4  5  6 |
---------------+-------------------+-----
Axes           | 3 4 5 6 7 |  7.0
Fighting       | 4 |  4.5
Armour         | 4 |  4.1
Shields        | |  3.5

Action                   |  1- 3 |  4- 6 || total
-------------------------+-------+-------++-------
Melee: War axe           |   113 |   144 ||   257
  Use: Potion            |       |     4 ||     4
Armor: Scale mail        |    43 |    47 ||    90
Dodge: Dodged            |    58 |    44 ||   102
Block: Buckler           |    20 |    17 ||    37
